 Dungeon Crawl Stone Soup version 0.21-b1-15-gfba53cd (webtiles) character file.

1186 ChromeMolly the Sneak (level 8, -1/54 HPs)
             Began as an Octopode Fighter on Jan 3, 2018.
             Killed from afar by an orc wizard (9 damage)
             ... with a magic dart
             ... on level 6 of the Dungeon.
             The game lasted 00:24:43 (5238 turns).

ChromeMolly the Sneak (Octopode Fighter)            Turns: 5238, Time: 00:24:44

Health: -1/54      AC:  1    Str: 15    XL:     8   Next: 42%
Magic:  12/12      EV: 14    Int: 11    God:
Gold:   296        SH:  7    Dex: 13    Spells: 13/13 levels left

rFire    . . .     SeeInvis .   a - +0 war axe
rCold    . . .     Gourm    .   q - +2 buckler
rNeg     + . .     Faith    .   (helmet restricted)
rPois    .         Spirit   .   n - amulet of rage
rElec    .         Reflect  .   s - ring of positive energy
rCorr    .         Harm     .   (no ring)
MR       .....                  (no ring)
Stlth    +++++.....             (no ring)
HPRegen  0.18/turn              (no ring)
MPRegen  0.13/turn              (no ring)
                                (no ring)
                                (no ring)

@: no status effects
A: almost no armour, stealthy swim, amphibious, 8 rings, constrict 8, camouflage
1, gelatinous body 1
a: Evoke Berserk Rage


You were on level 6 of the Dungeon.
You were not hungry.

You visited 1 branch of the dungeon, and saw 6 of its levels.

You collected 296 gold pieces.

Inventory:

Hand Weapons
 a - a +0 war axe (weapon)
 e - a +1 dagger
Missiles
 f - 142 stones (quivered)
 l - 57 poisoned needles
Armour
 b - a +0 shield
 q - a +2 buckler (worn)
Jewellery
 n - an amulet of rage (around mantle)
 s - a ring of positive energy (left tentacle)
Wands
 g - a wand of polymorph (17)
Scrolls
 c - a scroll of magic mapping
 h - a scroll of teleportation
 m - a scroll of enchant weapon
Potions
 r - a potion of brilliance
 t - a potion of flight
Comestibles
 d - 7 rations


   Skills:
 + Level 4.1 Fighting
 * Level 3.6 Short Blades
 + Level 4.4 Axes
 + Level 1.0 Throwing
 + Level 3.6 Dodging
 * Level 7.4 Stealth
 + Level 3.8 Shields
 * Level 3.2 Spellcasting


You had 13 spell levels left.
You didn't know any spells.

Dungeon Overview and Level Annotations

Branches:
Dungeon (6/15)
 Temple: D:4-7

Altars:
Cheibriados
Elyvilon
Makhleb
Ru
Uskayaw
Yredelemnul
Zin

Annotations:
D:5 1 runed door


Innate Abilities, Weirdness & Mutations

You cannot wear most types of armour.
You are very stealthy in the water. (Stealth+)
You are amphibious.
You can wear up to eight rings at the same time.
You can use your tentacles to constrict eight enemies at once.
Your skin changes colour to match your surroundings (Stealth+).
Your rubbery body absorbs attacks. (AC +1, EV +1)


Message History

You closely miss the hound. You barely miss something.
The hound bites you but does no damage. Something barely misses you.
The hound bites you.
* * * LOW HITPOINT WARNING * * *
The orc priest closely misses you.
You feel better. The hound misses you. Something hits you.
* * * LOW HITPOINT WARNING * * *
The hound barely misses you.
You slash the orc priest! Your grab misses the orc priest.
You squeeze the orc priest.
You kill the orc priest!
Your Throwing skill increases to level 1!
You barely miss the hound. You slash something! You block the hound's attack.
Something hits you.
* * * LOW HITPOINT WARNING * * *
The hound barely misses you.
You hear some strange, mumbled words.
A magic dart appears from out of thin air!
The magic dart hits you!
You die...

.#####...........#
## ########....#
##...# #...# ##..#
#..# #..# #).#
#)@# #){h# .(.....
...........
....(.....####
...........
...((.......
............#


You could see a hound.

Vanquished Creatures
  Grinder (D:4)
  The ghost of Stevenson777 the Covered, an amateur HaFi (D:3)
  2 phantoms (D:4)
  2 scorpions (D:5)
  A crimson imp (D:5)
  2 orc priests
  5 orc wizards (D:4)
  A human skeleton (D:5)
  3 worker ants
  A hound zombie (D:6)
  8 gnolls (D:5)
  8 adders
  A shadow imp (D:5)
  An ooze (D:5)
  A worm (D:2)
  2 dart slugs
  A leopard gecko (D:4)
  15 orcs
  8 giant cockroaches
  5 hobgoblins
  8 jackals
  6 kobolds
  A quokka (D:4)
  9 bats
  4 frilled lizards (D:2)
  5 goblins
  A jackal zombie (D:5)
  A kobold zombie (D:5)
  A leopard gecko skeleton (D:6)
  A quokka skeleton (D:5)
  5 rats
111 creatures vanquished.

Notes
Turn   | Place    | Note
-------+----------+-------------------------------------------
     0 | D:1      | ChromeMolly the Octopode Fighter began the quest for the Orb.
     0 | D:1      | Reached XP level 1. HP: 16/16 MP: 1/1
   409 | D:1      | Reached XP level 2. HP: 21/21 MP: 2/2
   472 | D:1      | Reached skill level 1 in Short Blades
   661 | D:1      | Reached skill level 1 in Stealth
   902 | D:2      | Found a white marble altar of Elyvilon.
   905 | D:2      | Reached XP level 3. HP: 20/26 MP: 3/3
   906 | D:2      | Reached skill level 2 in Stealth
  1429 | D:2      | Reached XP level 4. HP: 31/31 MP: 5/5
  1672 | D:2      | Reached skill level 3 in Stealth
  1724 | D:3      | Reached skill level 1 in Spellcasting
  1912 | D:3      | Noticed Stevenson777's ghost (amateur HaFi)
  2114 | D:3      | Killed Stevenson777's ghost
  2114 | D:3      | Reached skill level 5 in Stealth
  2114 | D:3      | Reached XP level 5. HP: 19/36 MP: 5/7
  2521 | D:4      | Reached XP level 6. HP: 39/42 MP: 8/8
  2530 | D:4      | Reached skill level 6 in Stealth
  3091 | D:4      | Reached XP level 7. HP: 41/46 MP: 9/9
  3514 | D:4      | Noticed Grinder
  3519 | D:4      | Killed Grinder
  3948 | D:4      | Reached XP level 8. HP: 54/54 MP: 12/12
  4050 | D:5      | Entered Level 5 of the Dungeon
  4090 | D:5      | Found a burning altar of Makhleb.
  4214 | D:5      | Found a hide-covered altar of Uskayaw.
  4221 | D:5      | Found a sacrificial altar of Ru.
  4221 | D:5      | Found a glowing silver altar of Zin.
  4221 | D:5      | Found a white marble altar of Elyvilon.
  4221 | D:5      | Found a snail-covered altar of Cheibriados.
  4350 | D:5      | Found a runed door.
  4362 | D:5      | Found a basalt altar of Yredelemnul.
  4406 | D:5      | Reached skill level 7 in Stealth
  5238 | D:6      | Reached skill level 1 in Throwing
  5238 | D:6      | Killed from afar by an orc wizard

Skill      XL: |  1  2  3  4  5  6  7  8 |
---------------+-------------------------+-----
Short Blades   | 1 2 3 |  3.6
Stealth        | 1 2 5 6 7 |  7.4
Spellcasting   | 1 2 3 |  3.2
Axes           | 3 4 |  4.4
Fighting       | 4 |  4.1
Throwing       | 1 |  1.0
Dodging        | |  3.6
Shields        | |  3.8

Action                   |  1- 3 |  4- 6 |  7- 9 || total
-------------------------+-------+-------+-------++-------
Melee: Dagger            |    51 |    21 |    25 ||    97
       Constrict         |    15 |    15 |    16 ||    46
       War axe           |    16 |    42 |    60 ||   118
       Tentacles         |    10 |    10 |    15 ||    35
Throw: Stone             |    14 |       |     3 ||    17
       Tomahawk          |     1 |     3 |     8 ||    12
  Use: Scroll            |     2 |     2 |     7 ||    11
       Potion            |       |     6 |     2 ||     8
 Stab: Sleeping          |    11 |     9 |     9 ||    29
  Eat: Chunk             |     1 |     6 |     3 ||    10
       Ration            |       |       |     1 ||     1
Armor: Skin              |     9 |    19 |    16 ||    44
Dodge: Dodged            |    29 |    39 |    58 ||   126
Block: Shield            |    27 |       |       ||    27
       Buckler           |       |    34 |    29 ||    63
